 Dungeon Crawl Stone Soup version 0.16-a0-3212-g68818ff (webtiles) character file.

842 Johnny the Bolt Thrower (level 7, -1/55 HPs)
             Began as a Mummy Hunter on Dec 19, 2014.
             Slain by an ogre
             ... wielding a +0 giant spiked club
              (8 damage)
             ... on level 5 of the Dungeon.
             The game lasted 00:04:43 (3509 turns).

Johnny the Bolt Thrower (Mummy Hunter)              Turns: 3509, Time: 00:04:43

Health: -1/55      AC:  6    Str: 15    XL:     7   Next: 67%
Magic:  7/7        EV: 12    Int: 10    God:
Gold:   157        SH:  0    Dex: 14    Spells: 0 memorised, 6 levels left

rFire  x . .     SeeInvis .     b - +1 hand crossbow
rCold  + . .     Clarity  .     g - +0 ring mail (curse)
rNeg   + + +     SustAb   .     (no shield)
rPois  ∞         Gourm    .     (no helmet)
rElec  .         Spirit   .     l - +0 cloak
rCorr  .         Warding  .     (no gloves)
rMut   .         Stasis   .     (no boots)
MR     .....                    (no amulet)
Stlth  +.........               (no ring)
                                (no ring)

@: not resistant to hostile enchantments, very unstealthy
A: no food or potions, fire vulnerability, restore body, cold resistance 1,
negative energy resistance 3, poison resistance, torment resistance, unbreathing
a: no special abilities


You were on level 5 of the Dungeon.
You were not hungry.

You visited 1 branch of the dungeon, and saw 5 of its levels.

You collected 157 gold pieces.

Inventory:

Hand weapons
 a - a +0 short sword
 b - a +1 hand crossbow (weapon)
 j - a +1 short sword of speed
Missiles
 c - 9 bolts (quivered)
Armour
 d - a cursed +0 leather armour
 g - a cursed +0 ring mail (worn)
 l - a +0 cloak (worn)
Magical devices
 n - a wand of polymorph (22)
Scrolls
 e - a scroll of immolation
 f - 2 scrolls of magic mapping
 h - a scroll of teleportation
 k - a scroll of random uselessness


   Skills:
 + Level 4.6 Fighting
 * Level 6.2 Crossbows
 + Level 3.8 Dodging
 - Level 0.7 Stealth


You had 6 spell levels left.
You didn't know any spells.

Dungeon Overview and Level Annotations

Branches:
Dungeon (5/15)             Temple (0/1) D:4

Altars:
Dithmenos
Ru
Sif Muna

Shops:
D:4 [**}:

Annotations:
D:2 Sigmund


Innate Abilities, Weirdness & Mutations

You do not eat or drink.
Your flesh is vulnerable to fire.
Your flesh is cold resistant.
You are immune to negative energy.
Your system is resistant to poisons.
You are immune to unholy pain and torment.
You can survive without breathing.


Message History

The bolt hits the ogre but does no damage.
The ogre is heavily wounded.
Firing (i - inventory):
c - 10 bolts (quivered)
Press: ? - help, Shift-Dir - straight line, f/p - ogre
Aim: an ogre, wielding a giant spiked club (heavily wounded)
You shoot a bolt. The bolt barely misses the ogre.
The ogre hits you with a giant spiked club!
* * * LOW HITPOINT WARNING * * *
You are too injured to fight recklessly!
You are too injured to fight recklessly!
You are too injured to fight recklessly!
Unknown command.
Evoke which item? (* to show all) (? for menu, Esc to quit)
Zapping:
n - a wand of polymorph {recharged} (will waste charges)
Press: ? - help, Shift-Dir - straight line, f/p - ogre
Aim: an ogre, wielding a giant spiked club (heavily wounded)
The ogre resists with some effort.
Evoking this partially-identified wand wasted a few charges.
The ogre hits you with a giant spiked club!
You die...

*#.* *#..#....)...##
#(* #...(##.....†.##
*.###...#*#.....#†..
*#.#...## #...###...
#.(..(.####...##<..
####..(.....##.......#
#.....#,,..........###
#.##.O#*,..........#
***#.@##*......##..##
##..###...#####..##
#..##....# ##..#
##.†.....## ##..
*#........######..
***#..#.....#..##....
*....###)..##........
###..*#...##...#.....
##..#.......##..#..


You could see an ogre.

Vanquished Creatures
  Menkaure (D:5)
  A phantom (D:5)
  3 ogres
  A scorpion (D:5)
  A hound (D:5)
  A crimson imp (D:3)
  A centaur skeleton (D:5)
  3 worker ants
  A hound zombie (D:5)
  8 adders
  A giant mite (D:4)
  A worm (D:3)
  2 giant geckos
  An ooze (D:1)
  7 orcs
  2 ball pythons (D:1)
  3 giant cockroaches
  5 goblins
  4 hobgoblins
  7 kobolds
  A quokka (D:5)
  11 bats
  6 giant newts
  A jackal skeleton (D:4)
  4 rats
77 creatures vanquished.

Notes
Turn   | Place    | Note
--------------------------------------------------------------
     0 | D:1      | Johnny, the Mummy Hunter, began the quest for the Orb.
     0 | D:1      | Reached XP level 1. HP: 16/16 MP: 1/1
   317 | D:1      | Reached XP level 2. HP: 22/22 MP: 2/2
   988 | D:2      | Reached XP level 3. HP: 19/28 MP: 3/3
   993 | D:2      | Noticed Sigmund
  1129 | D:3      | Reached skill level 4 in Crossbows
  1194 | D:3      | Found a shadowy altar of Dithmenos.
  1199 | D:3      | Reached XP level 4. HP: 34/34 MP: 4/4
  1619 | D:3      | Found a sacrificial altar of Ru.
  1619 | D:3      | Found a deep blue altar of Sif Muna.
  1868 | D:4      | Found Xoavvan's Armour Emporium.
  1903 | D:4      | Found Soruok's Assorted Antiques.
  1934 | D:4      | Reached XP level 5. HP: 31/41 MP: 5/5
  2025 | D:4      | Found Reudwe Vefa's Book Shoppe.
  2096 | D:4      | Noticed an ogre
  2115 | D:4      | Killed an ogre
  2477 | D:4      | Found Uniumm's General Store.
  2509 | D:4      | Reached XP level 6. HP: 42/47 MP: 6/6
  2522 | D:4      | Noticed an ogre
  2536 | D:4      | Killed an ogre
  2536 | D:4      | Reached skill level 5 in Crossbows
  2600 | D:4      | Found a staircase to the Ecumenical Temple.
  2686 | D:4      | Found Aga Gad's Gadget Shoppe.
  2756 | D:5      | Entered Level 5 of the Dungeon
  2836 | D:5      | Reached XP level 7. HP: 29/54 MP: 7/7
  3344 | D:5      | Noticed Menkaure
  3356 | D:5      | Killed Menkaure
  3356 | D:5      | Reached skill level 6 in Crossbows
  3509 | D:5      | Slain by an ogre

Action                   |  1- 3 |  4- 6 |  7- 9 || total
-------------------------+-------+-------+-------++-------
Melee: Short sword       |       |   198 |     9 ||   207
 Fire: Hand crossbow     |    79 |    54 |    72 ||   205
Evoke: Wand              |       |       |     1 ||     1
  Use: Scroll            |       |       |     5 ||     5
